PCL
CALGARY COWBOYS @ SAN JOSE MISSIONS
06/29/2029
 
TOP OF THE 1ST
Calgary Cowboys batting - Pitching for San Jose Missions : RHP Ralph Williams
Pitching: RHP Ralph Williams
Batting: RHB Luis Ibarra 0-0: Called Strike
0-1: SINGLE (Groundball, 34S) (infield hit)
Batting: LHB Del Kennedy 0-0: Ball
1-0: Ball
2-0: Foul Ball, location: 2F
2-1: Foul Ball, location: 2F
2-2: Ball
3-2: Fly out, F9 (Flyball, 9)
Batting: RHB Tom Rowe 0-0: Called Strike
0-1: Grounds into double play, 6-4-3 (Groundball, 6)
Top of the 1st over - 0 runs, 1 hit, 0 errors, 0 left on base; Calgary 0 - San Jose 0
BOTTOM OF THE 1ST
San Jose Missions batting - Pitching for Calgary Cowboys : LHP Manuel Gil
Pitching: LHP Manuel Gil
Batting: SHB Ángel González 0-0: Foul Ball, location: 2F
0-1: Fly out, F8 (Flyball, 8RD)
Batting: RHB Lorenzo Mota 0-0: Ball
1-0: Ground out 6-3 (Groundball, 56)
Batting: RHB Peter Bishop 0-0: Ball
1-0: Swinging Strike
1-1: Foul Ball, location: 2F
1-2: Foul Ball, location: 2F
1-2: Foul Ball, location: 2F
1-2: Fly out, F7 (Flyball, 7LDF)
Bottom of the 1st over - 0 runs, 0 hits, 0 errors, 0 left on base; Calgary 0 - San Jose 0
TOP OF THE 2ND
Calgary Cowboys batting - Pitching for San Jose Missions : RHP Ralph Williams
Batting: LHB Fred Abrams 0-0: Ball
1-0: Called Strike
1-1: Foul Ball, location: 2F
1-2: Ball
2-2: Ball
3-2: Foul Ball, location: 2F
3-2: Foul Ball, location: 2F
3-2: Ground out 3-1 (Groundball, 34)
Batting: RHB Paul Swift 0-0: Called Strike
0-1: Ground out 4-3 (Groundball, 4)
Batting: LHB Russell Peck 0-0: Foul Ball, location: 2F
0-1: SINGLE (Groundball, 34) (infield hit)
Batting: LHB Freddy Herrera 0-0: Ball
1-0: SINGLE (Line Drive, 89S)
Russell Peck to second
Batting: RHB Mario Sánchez 0-0: Called Strike
0-1: Ball
1-1: Foul Ball, location: 2F
1-2: Ball
2-2: Ball
3-2: 3-RUN HOME RUN (Line Drive, 7D), Distance : 395 ft
Batting: RHB Travis Colbert 0-0: Ball
1-0: Called Strike
1-1: Ball
2-1: Ball
3-1: Base on Balls
Batting: RHB Luis Ibarra 0-0: Ball
1-0: Called Strike
1-1: SINGLE (Groundball, 34S) (infield hit)
Travis Colbert to second
Batting: LHB Del Kennedy 0-0: Ball
1-0: Swinging Strike
1-1: Foul Ball, location: 2F
1-2: Strikes out swinging
Top of the 2nd over - 3 runs, 4 hits, 0 errors, 2 left on base; Calgary 3 - San Jose 0
BOTTOM OF THE 2ND
San Jose Missions batting - Pitching for Calgary Cowboys : LHP Manuel Gil
Batting: RHB Dale Taylor 0-0: Fly out, F9 (Line Drive, 9D)
Batting: LHB Mel Jones 0-0: Ground out 6-3 (Groundball, 6)
Batting: RHB Jorge Díaz 0-0: Ball
1-0: Fly out, F9 (Flyball, 9LS)
Bottom of the 2nd over - 0 runs, 0 hits, 0 errors, 0 left on base; Calgary 3 - San Jose 0
TOP OF THE 3RD
Calgary Cowboys batting - Pitching for San Jose Missions : RHP Ralph Williams
Batting: RHB Tom Rowe 0-0: Ball
1-0: Ball
2-0: Called Strike
2-1: Foul Ball, location: 2F
2-2: Ball
3-2: Base on Balls
Batting: LHB Fred Abrams 0-0: Foul Ball, location: 2F
0-1: Ball
1-1: Ball
2-1: SINGLE (Line Drive, 4D)
Tom Rowe to second
Batting: RHB Paul Swift 0-0: SINGLE (Line Drive, 78S)
Tom Rowe to third
Fred Abrams to second
Runner from 3rd tries for Home, SAFE, throw made home
Batting: LHB Russell Peck 0-0: Ball
1-0: Ball
2-0: Called Strike
2-1: Ball
3-1: Base on Balls
Fred Abrams to third
Paul Swift to second
Batting: LHB Freddy Herrera 0-0: Ball
1-0: Ball
2-0: Foul Ball, location: 2F
2-1: Foul Ball, location: 2F
2-2: Ball
3-2: Foul Ball, location: 2F
3-2: Base on Balls
Fred Abrams scores
Paul Swift to third
Russell Peck to second
Batting: RHB Mario Sánchez 0-0: Called Strike
0-1: Swinging Strike
0-2: Ball
1-2: Foul Ball, location: 2F
1-2: Strikes out swinging
Batting: RHB Travis Colbert 0-0: Called Strike
0-1: Ball
1-1: Ball
2-1: Called Strike
2-2: Ball
3-2: Base on Balls
Paul Swift scores
Russell Peck to third
Freddy Herrera to second
Batting: RHB Luis Ibarra 0-0: Foul Ball, location: 2F
0-1: Ball
1-1: Swinging Strike
1-2: SINGLE (Groundball, 56D)
Russell Peck scores
Freddy Herrera to third
Travis Colbert to second
Batting: LHB Del Kennedy 0-0: Swinging Strike
0-1: Ball
1-1: Foul Ball, location: 2F
1-2: Foul Ball, location: 2F
1-2: Strikes out swinging
Batting: RHB Tom Rowe 0-0: Ball
1-0: Called Strike
1-1: SINGLE (Groundball, 4D)
Freddy Herrera scores
Travis Colbert to third
Luis Ibarra to second
Runner from 3rd tries for Home, SAFE, throw made at trailing runner, OUT at third!
Top of the 3rd over - 6 runs, 4 hits, 0 errors, 1 left on base; Calgary 9 - San Jose 0
BOTTOM OF THE 3RD
San Jose Missions batting - Pitching for Calgary Cowboys : LHP Manuel Gil
Batting: RHB Irwin Duncan 0-0: Swinging Strike
0-1: Ball
1-1: Ball
2-1: Called Strike
2-2: Ball
3-2: Base on Balls
Batting: LHB Alberto Gómez 0-0: Swinging Strike
0-1: Ball
1-1: Foul Ball, location: 2F
1-2: Strikes out swinging
Batting: RHB Miguel Mendoza 0-0: Ball
1-0: Ball
2-0: Ball
3-0: Called Strike
3-1: Foul Ball, location: 2F
3-2: Strikes out swinging
Batting: SHB Ángel González 0-0: Ball
1-0: Ball
2-0: Foul Ball, location: 2F
2-1: Swinging Strike
2-2: Strikes out swinging
Bottom of the 3rd over - 0 runs, 0 hits, 0 errors, 1 left on base; Calgary 9 - San Jose 0
TOP OF THE 4TH
Calgary Cowboys batting - Pitching for San Jose Missions : RHP Ralph Williams
Batting: LHB Fred Abrams 0-0: Called Strike
0-1: Ball
1-1: Ball
2-1: Ball
3-1: Called Strike
3-2: Base on Balls
Batting: RHB Paul Swift 0-0: Ball
1-0: Foul Ball, location: 2F
1-1: Foul Ball, location: 2F
Balk!
Fred Abrams to second
1-2: Foul Ball, location: 2F
1-2: Ball
2-2: Foul Ball, location: 2F
2-2: Hit by Pitch
Pitching: RHP José Reyes
Batting: LHB Russell Peck 0-0: Ball
1-0: Called Strike
1-1: Foul Ball, location: 2F
1-2: SINGLE (Line Drive, 4MD)
Fred Abrams to third
Paul Swift to second
Pitching: LHP Morgan O'Day
Batting: LHB Freddy Herrera 0-0: Ball
1-0: Fly out, F9 (Flyball, 8RS)
Runner from 3rd tags up, SCORES, no throw
Batting: RHB Mario Sánchez 0-0: Ball
1-0: Foul Ball, location: 2F
1-1: Ball
2-1: Ball
3-1: Foul Ball, location: 2F
3-2: Foul Ball, location: 2F
3-2: Strikes out swinging
Batting: RHB Travis Colbert 0-0: Ball
1-0: Called Strike
1-1: Swinging Strike
1-2: Ball
2-2: Ball
3-2: Base on Balls
Paul Swift to third
Russell Peck to second
Pitching: RHP David Bates
Batting: RHB Luis Ibarra 0-0: Called Strike
0-1: Ball
1-1: Foul Ball, location: 2F
1-2: Fly out, F9 (Flyball, 9D)
Top of the 4th over - 1 run, 1 hit, 0 errors, 3 left on base; Calgary 10 - San Jose 0
BOTTOM OF THE 4TH
San Jose Missions batting - Pitching for Calgary Cowboys : LHP Manuel Gil
Batting: RHB Lorenzo Mota 0-0: Ball
1-0: Called Strike
1-1: Swinging Strike
1-2: Strikes out swinging
Batting: RHB Peter Bishop 0-0: Swinging Strike
0-1: Ball
1-1: Foul Ball, location: 2F
1-2: Ground out U3 (Groundball, 34)
Batting: RHB Dale Taylor 0-0: Swinging Strike
0-1: Called Strike
0-2: Ball
1-2: SOLO HOME RUN (Line Drive, 89XD), Distance : 414 ft
Batting: LHB Mel Jones 0-0: Called Strike
0-1: Ground out 6-3 (Groundball, 6)
Bottom of the 4th over - 1 run, 1 hit, 0 errors, 0 left on base; Calgary 10 - San Jose 1
TOP OF THE 5TH
Calgary Cowboys batting - Pitching for San Jose Missions : RHP David Bates
Pitching: LHP Mario Galván
Batting: LHB Del Kennedy 0-0: Ground out 1-3 (Groundball, 15S)
Batting: RHB Tom Rowe 0-0: Ball
1-0: Called Strike
1-1: Swinging Strike
1-2: Ball
2-2: Strikes out swinging
Batting: LHB Fred Abrams 0-0: Ball
1-0: Called Strike
1-1: Ball
2-1: Fly out, F6 (Popup, 56)
Top of the 5th over - 0 runs, 0 hits, 0 errors, 0 left on base; Calgary 10 - San Jose 1
BOTTOM OF THE 5TH
San Jose Missions batting - Pitching for Calgary Cowboys : LHP Manuel Gil
Batting: RHB Jorge Díaz 0-0: Foul Ball, location: 2F
0-1: Ball
1-1: Ground out 6-3 (Groundball, 6)
Batting: RHB Irwin Duncan 0-0: Ground out 6-3 (Groundball, 6)
Batting: LHB Alberto Gómez 0-0: Fly out, F7 (Flyball, 7LSF)
Bottom of the 5th over - 0 runs, 0 hits, 0 errors, 0 left on base; Calgary 10 - San Jose 1
TOP OF THE 6TH
Calgary Cowboys batting - Pitching for San Jose Missions : LHP Mario Galván
Batting: RHB Paul Swift 0-0: Foul Ball, location: 2F
0-1: Ball
1-1: Fly out, F9 (Flyball, 9)
Batting: LHB Russell Peck 0-0: Foul Ball, location: 2F
0-1: Foul Ball, location: 2F
0-2: Ball
1-2: Fly out, F6 (Line Drive, 6)
Batting: LHB Freddy Herrera 0-0: Swinging Strike
0-1: SINGLE (Flyball, 7S)
Batting: RHB Mario Sánchez 0-0: Ball
1-0: Called Strike
1-1: Fly out, F1 (Line Drive, 15)
Top of the 6th over - 0 runs, 1 hit, 0 errors, 1 left on base; Calgary 10 - San Jose 1
BOTTOM OF THE 6TH
San Jose Missions batting - Pitching for Calgary Cowboys : LHP Manuel Gil
Batting: RHB Miguel Mendoza 0-0: Ball
1-0: Ball
2-0: Ground out 4-3 (Groundball, 4)
Batting: SHB Ángel González 0-0: Ball
1-0: Called Strike
1-1: Swinging Strike
1-2: Ball
2-2: Ground out 5-3 (Groundball, 5L)
Batting: RHB Lorenzo Mota 0-0: Ball
1-0: Ball
2-0: Ball
3-0: Called Strike
3-1: Base on Balls
Batting: RHB Peter Bishop 0-0: Foul Ball, location: 2F
0-1: Foul Ball, location: 2F
0-2: Ball
1-2: Foul Ball, location: 2F
1-2: Ball
2-2: Ball
Lorenzo Mota steals 2nd base
3-2: Foul Ball, location: 2F
3-2: Base on Balls
Batting: RHB Dale Taylor 0-0: Swinging Strike
0-1: Ball
1-1: Ball
2-1: Fielders Choice at 2nd, 5-4 (Groundball, 56)
Bottom of the 6th over - 0 runs, 0 hits, 0 errors, 2 left on base; Calgary 10 - San Jose 1
TOP OF THE 7TH
Calgary Cowboys batting - Pitching for San Jose Missions : LHP Mario Galván
Batting: RHB Travis Colbert 0-0: Ball
1-0: Ball
2-0: SINGLE (Groundball, 34) (infield hit)
Batting: RHB Luis Ibarra 0-0: Ball
1-0: Ground out 5-3 (Groundball, 56S)
Travis Colbert to second
Batting: LHB Del Kennedy 0-0: Called Strike
0-1: Called Strike
0-2: SINGLE (Line Drive, 34D)
Travis Colbert to third
Batting: RHB Tom Rowe 0-0: Ball
1-0: 3-RUN HOME RUN (Flyball, 78XD), Distance : 412 ft
Pitching: RHP Dave Wookey
Batting: LHB Fred Abrams 0-0: Called Strike
0-1: Ball
1-1: Ground out 4-3 (Groundball, 34D)
Batting: RHB Paul Swift 0-0: Ball
1-0: Called Strike
1-1: SINGLE (Groundball, 25) (infield hit)
Batting: LHB Russell Peck 0-0: Fly out, F9 (Flyball, 9)
Top of the 7th over - 3 runs, 4 hits, 0 errors, 1 left on base; Calgary 13 - San Jose 1
BOTTOM OF THE 7TH
San Jose Missions batting - Pitching for Calgary Cowboys : LHP Manuel Gil
Batting: LHB Mel Jones 0-0: Called Strike
0-1: Foul Ball, location: 2F
0-2: Strikes out swinging
Batting: RHB Jorge Díaz 0-0: Ball
1-0: Ball
2-0: Swinging Strike
2-1: Foul Ball, location: 2F
2-2: DOUBLE (Flyball, 8LXD)
Batting: RHB Irwin Duncan 0-0: Ball
1-0: SINGLE (Line Drive, 9S)
Jorge Díaz to third
Runner from 3rd tries for Home, throw and OUT!
Irwin Duncan to second
Batting: LHB Alberto Gómez 0-0: Swinging Strike
0-1: Foul Ball, location: 2F
0-2: Ball
1-2: Reached via error on a dropped throw, E1
Irwin Duncan to third
Batting: RHB Miguel Mendoza 0-0: Ball
1-0: Ball
2-0: Fielders Choice at 2nd, 6-4 (Groundball, 6)
Bottom of the 7th over - 0 runs, 2 hits, 1 error, 2 left on base; Calgary 13 - San Jose 1
TOP OF THE 8TH
Calgary Cowboys batting - Pitching for San Jose Missions : RHP Dave Wookey
Batting: LHB Freddy Herrera 0-0: Ball
1-0: Ball
2-0: Called Strike
2-1: Ball
3-1: Swinging Strike
3-2: Base on Balls
Batting: RHB Mario Sánchez 0-0: Foul Ball, location: 2F
0-1: Ball
1-1: Ball
2-1: Foul Ball, location: 2F
2-2: Strikes out looking
Batting: RHB Travis Colbert Balk!
Freddy Herrera to second
0-0: Called Strike
0-1: Ball
1-1: Ball
2-1: Ball
3-1: Base on Balls
Batting: RHB Luis Ibarra 0-0: Fly out, F8 (Flyball, 8LM)
Batting: LHB Del Kennedy 0-0: Called Strike
0-1: Ball
1-1: Foul Ball, location: 2F
1-2: Foul Ball, location: 2F
1-2: Strikes out swinging
Top of the 8th over - 0 runs, 0 hits, 0 errors, 2 left on base; Calgary 13 - San Jose 1
BOTTOM OF THE 8TH
San Jose Missions batting - Pitching for Calgary Cowboys : LHP Manuel Gil
Now in LF: César Rodríguez
Batting: SHB Ángel González 0-0: Ball
1-0: Ground out U3 (Groundball, 3)
Batting: RHB Lorenzo Mota 0-0: Called Strike
0-1: Ground out 6-3 (Groundball, 6)
Batting: RHB Peter Bishop 0-0: SINGLE (Groundball, 4MD)
Batting: RHB Dale Taylor 0-0: Called Strike
0-1: Swinging Strike
0-2: Fly out, F7 (Flyball, 7LD)
Bottom of the 8th over - 0 runs, 1 hit, 0 errors, 1 left on base; Calgary 13 - San Jose 1
TOP OF THE 9TH
Calgary Cowboys batting - Pitching for San Jose Missions : RHP Dave Wookey
Batting: RHB Tom Rowe 0-0: Swinging Strike
0-1: Ball
1-1: Swinging Strike
1-2: Fly out, F8 (Flyball, 8RS)
Batting: LHB Fred Abrams 0-0: Foul Ball, location: 2F
0-1: Fly out, F8 (Flyball, 8RXD)
Batting: RHB Paul Swift 0-0: SINGLE (Line Drive, 56D)
Batting: LHB Russell Peck 0-0: Ball
Wild Pitch!
Paul Swift to second
1-0: 2-RUN HOME RUN (Flyball, 9LD), Distance : 364 ft
Batting: LHB Freddy Herrera 0-0: Swinging Strike
0-1: Foul Ball, location: 2F
0-2: Strikes out looking
Top of the 9th over - 2 runs, 2 hits, 0 errors, 0 left on base; Calgary 15 - San Jose 1
BOTTOM OF THE 9TH
San Jose Missions batting - Pitching for Calgary Cowboys : LHP Manuel Gil
Now at SS: Jorge Balencia
Now in RF: Alejandro Rojas
Batting: LHB Mel Jones 0-0: Ball
1-0: Ball
2-0: Ball
3-0: Base on Balls
Batting: RHB Jorge Díaz 0-0: Swinging Strike
0-1: Ground out 4-3 (Groundball, 4MS)
Mel Jones to second
Batting: RHB Irwin Duncan 0-0: Ball
1-0: Swinging Strike
1-1: Swinging Strike
1-2: Strikes out looking
Batting: LHB Alberto Gómez 0-0: Called Strike
0-1: Ball
1-1: Fly out, F3 (Popup, 3SF)
Bottom of the 9th over - 0 runs, 0 hits, 0 errors, 1 left on base; Calgary 15 - San Jose 1
Saturday, December 16th, 2017 - OOTP Baseball 18.8 Build 76